 Dungeon Crawl Stone Soup version 0.30-a0-721-ga6a225cb13 (webtiles) character file.

Game seed: 8708374366874772474

65423 Oxelix the Thaumaturge (level 15, 0/123 HPs)
             Began as a Djinni Ice Elementalist on Jan 27, 2023.
             Was the Champion of Ashenzari.
             Slain by an orc warlord
             ... wielding a +3 great mace
              (33 damage)
             ... on level 2 of the Orcish Mines.
             The game lasted 01:20:55 (25607 turns).

Oxelix the Thaumaturge (Djinni Ice Elementalist)   Turns: 25607, Time: 01:20:56

Health: 0/123      AC:  6    Str:  4    XL:     15   Next: 58%
Gold:   2000       EV: 44    Int: 23    God:    Ashenzari [******] SH:  0 Dex: 20

rFire   + . .      SeeInvis +    (weapon currently unavailable)
rCold   . . .      Faith    .    (shield currently unavailable)
rNeg    . . .      Spirit   .    (body armour currently unavailable)
rPois   ∞          Reflect  .    (helmet currently unavailable)
rElec   +          Harm     .    (cloak currently unavailable)
rCorr   .          Rampage  .    (gloves currently unavailable)
Will    +....      Clarity  +    (boots unavailable)
Stlth   +++                      Y - amulet "Visionary Scepticism" {Acrobat rElec rPois Regen+ Str-3, Self, Melee} (curse)
HPRegen 1.20/turn                f - ring "Share My Trepidation" {rF+, Evo, Cun} (curse)
MPRegen 0.00/turn                X - ring of Ashenzari's Pleiades {AC+4, Range, Self} (curse)

@: spider-form, acrobatic, flying
A: venomous fangs, flying, sickness immunity, tiny, (fire resistance 2), (cold
vulnerability 1), float, innate caster, HP casting, extra vitality 1
a: End Transformation, Renounce Religion, Shatter the Chains


You were on level 2 of the Orcish Mines.
You worshipped Ashenzari.
Ashenzari was exalted by your worship.
You were a venomous arachnid creature.
You visited 3 branches of the dungeon, and saw 19 of its levels.
You also visited: Volcano.

You collected 2000 gold pieces.

Inventory:

Hand Weapons
 P - the +10 rapier of Stickiness {pain, rPois rN+ Will+}
   (You found it on level 11 of the Dungeon)

   rPois:     It protects you from poison.
   rN:        It protects you from negative energy.
   Will:      It increases your willpower.
Missiles
 B - 8 boomerangs
 E - 2 atropa-tipped darts
 U - 5 throwing nets (quivered)
Armour
 i - the cursed +0 pair of gloves "Oblivion of Ashenzari" (melded) {Self, Cun}
   (You found it on level 1 of the Lair of Beasts)

   It has a curse which improves the following skills: Introspection: Fighting
   and Spellcasting.
   Cunning:   Dodging and Stealth.
 j - the cursed +0 buckler "Boredom of Ashenzari" (melded) {AC+3, Cun, Fort}
   (You acquired it on level 3 of the Lair of Beasts)

   It has a curse which improves the following skills: Cunning: Dodging and
   Stealth.
   Fortitude: Armour and Shields.
 r - the cursed +2 robe "Ruined Ethics" (melded) {Will+, Fort, Evo}
   (You took it off Sigmund on level 3 of the Dungeon)

   It has a curse which improves the following skills: Fortitude: Armour and
   Shields.
   Evocations: Evocations.
 w - a +1 cloak of fire resistance
 D - the cursed +1 cloak of Supernal Gnosis (melded) {Self, Cun}
   (You took it off Crazy Yiuf on level 6 of the Dungeon)

   It has a curse which improves the following skills: Introspection: Fighting
   and Spellcasting.
   Cunning:   Dodging and Stealth.
 F - the cursed +0 helmet "Prophetic Regret" (melded) {Fort, Self}
   (You found it on level 7 of the Dungeon)

   It has a curse which improves the following skills: Fortitude: Armour and
   Shields.
   Introspection: Fighting and Spellcasting.
 W - a +3 plate armour of fire resistance
Magical Staves
 A - a cursed staff of conjuration (melded) {Self, Fort}
 G - a staff of death
Jewellery
 f - the cursed ring "Share My Trepidation" (left front pincers) {rF+, Evo, Cun}
   (You found it on level 1 of the Dungeon)

   [ring of protection from fire]

   rF:        It protects you from fire.
   It has a curse which improves the following skills: Evocations: Evocations.
   Cunning:   Dodging and Stealth.
 S - a ring of fire
 T - a ring of ice
 X - the cursed ring of Ashenzari's Pleiades (right front pincers) {AC+4, Range, Self}
   (You found it on level 1 of the Lair of Beasts)

   [ring of protection]

   AC:        It affects your AC (+4).
   It has a curse which improves the following skills: Ranged Combat: Ranged
   Weapons and Throwing.
   Introspection: Fighting and Spellcasting.
 Y - the cursed amulet "Visionary Scepticism" (around neck) {Acrobat rElec rPois Regen+ Str-3, Self, Melee}
   (You acquired it on level 3 of the Lair of Beasts)

   [amulet of the acrobat]

   It increases your evasion while moving and waiting.
   Str:       It affects your strength (-3).
   rElec:     It insulates you from electricity.
   rPois:     It protects you from poison.
   Regen:     It increases your rate of health regeneration.
   It has a curse which improves the following skills: Introspection: Fighting
   and Spellcasting.
   Melee Combat: Short Blades, Long Blades, Axes, Maces & Flails, Polearms,
   Staves and Unarmed Combat.
Wands
 a - a wand of mindburst (10)
 l - a wand of iceblast (16)
 t - a wand of acid (14)
 v - a wand of flame (29)
 R - a wand of polymorph (15)
Scrolls
 d - 2 scrolls of brand weapon
 e - 2 scrolls of poison
 h - 2 scrolls of vulnerability
 m - 5 scrolls of fog
 o - 4 scrolls of fear
 s - 13 scrolls of identify
 x - 3 scrolls of amnesia
 y - 2 scrolls of torment
 z - 2 scrolls of silence
 C - 5 scrolls of teleportation
 I - a scroll of butterflies
 J - 3 scrolls of magic mapping
 L - 3 scrolls of enchant weapon
Potions
 b - 2 potions of magic
 c - 6 potions of curing
 g - a potion of haste
 k - 4 potions of cancellation
 n - 5 potions of lignification
 p - 4 potions of flight
 q - 5 potions of attraction
 u - 3 potions of brilliance
 H - a potion of might
 M - 2 potions of resistance
 N - 5 potions of mutation
 O - 2 potions of berserk rage
 Q - 2 potions of ambrosia
 V - 2 potions of invisibility


   Skills:
 * Level 12.9(16.8) Fighting
 + Level 0.0(0.4) Staves
 - Level 0.8(2.2) Throwing
 - Level 8.0 Armour
 - Level 7.4(10.1) Dodging
 - Level 1.5(3.3) Stealth
 - Level 5.3 Shields
 + Level 14.4(18.3) Spellcasting
 - Level 9.0(11.6) Evocations


You had 14 spell levels left.
You knew the following spells:

 Your Spells              Type           Power      Damage    Failure   Level
a - Freeze                Ice            100%       1d10      1%          1
b - Frozen Ramparts       Ice            100%       1d16      1%          3
c - Ozocubu's Armour      Ice            81%        N/A       1%          3
d - Summon Ice Beast      Ice/Summ       81%        N/A       1%          4
e - Kiss of Death         Conj/Necr      100%       2d13      1%          1
f - Searing Ray           Conj           100%       2d8       1%          2
g - Spider Form           Tmut/Pois      81%        N/A       1%          3
h - Airstrike             Air            40%        2d(6-22)  1%          4
i - Animate Dead          Necr           81%        N/A       1%          4
j - Silence               Hex/Air        40%        N/A       1%          5
k - Simulacrum            Ice/Necr       40%        N/A       2%          6
Your spell library was empty.

Dungeon Overview and Level Annotations

Branches:
Dungeon (12/15)            Temple (0/1) D:7            Lair (5/5) D:9
 Shoals (0/4) Lair:2        Snake (0/4) Lair:3        Slime (0/5) Lair:5
    Orc (2/2) D:9         Volcano (visited)
    Elf: Orc:2

Altars:
Ashenzari
Fedhas
Gozag
Hepliaklqana
Nemelex Xobeh
Wu Jian
Jiyva

Shops:
D:1 :   D:3 [   D:5 (   Orc:1 (

Annotations:
Lair:5 1 runed translucent door


Innate Abilities, Weirdness & Mutations

You are a venomous arachnid creature.
You have venomous fangs.
You are tiny and dextrous.
You are flying.
Your spellcasting is less reliable in this form.
Your armour is entirely melded.
You are incapable of wielding weapons or throwing items.
You are immune to sickness and miasma.
You are immune to poison.
((Your flesh is very heat resistant. (rF++)))
((You are vulnerable to cold. (rC-)))
You float through the air rather than walking.
You learn spells naturally, not from books.
Your magical power is your life essence.
You have superior vitality. (+4 MHP)


Message History

Okay, then.
Casting: Searing Ray (safe; 1% risk of failure)
Confirm with . or Enter, or press ? or * to list all spells.
Aiming: Searing Ray (safe; 1% risk of failure)
Press: ? - help, Shift-Dir - straight line, f/p - orc warlord
Aim: an orc warlord, wielding a +3 great mace and wearing a +0 plate armour (moderately wounded, strong, 90% to hit)
The searing ray hits the orc warlord!
The orc warlord is moderately wounded.
The searing ray hits the sixfirhy.
The sixfirhy is lightly wounded.
The searing ray hits the warg!
The warg is moderately wounded. (Press . to maintain the ray.)
The orc warlord hits you with a +3 great mace!!
You hear a horrible gurgling sound!
The searing ray hits the orc warlord.
The orc warlord is moderately wounded.
The searing ray hits the sixfirhy.
The sixfirhy is moderately wounded.
The searing ray hits the warg.
The warg is moderately wounded.
The searing ray hits the orc warlord but does no damage.
The orc warlord is moderately wounded.
The orc knight no longer looks unusually strong. x2
The orc warlord roars a battlecry!
The orc knights go into a battle-frenzy!
The orc high priest no longer looks unusually strong.
The orc knight roars a battlecry!
The orc high priest goes into a battle-frenzy!
The orc high priest intones a terrible prayer.
The orc warlord hits you with a +3 great mace!!
* * * LOW HITPOINT WARNING * * *
The orc warlord attacks as you move away!
The orc warlord closely misses you.
The orc warlord no longer looks unusually strong.
The orc knight roars a battlecry!
The orc warlord goes into a battle-frenzy!
The orc warlord attacks as you move away!
The orc warlord hits you with a +3 great mace!!
You die...

** * , #.....{..#, , , ,*
###...####* ,, , ,, #...§##*,
,, ,, , ,* ##....# * ,, ,,,,,
** #### #.{.## ,,,,,, *
#####≈≈# ##{..### , , ,
###.##≈≈≈# ##{.≈≈# ,, , , *
##.....§≈≈# ##{o.≈≈≈ ,, ,,
####...so.h.#####{..§≈≈≈ ,, ,
,###......#≈.o.o344{....### ,
, #≈≈≈....######3§o{.##### ,
, ,*#≈§≈...## #≈≈≈≈§§# # , ,,
#≈≈...## ##≈#§§##* ### , .
#≈≈...# #######.###.# ,
,..###...# #######.#....#...
,,,
,...##...####...........#*#..
, ,,
.......................###..


You could see an orc warlord (strong), 2 orc knights, an orc high priest
(strong), a sixfirhy (summoned), a ynoxinul (summoned), a chaos spawn (summoned)
and a warg.

Vanquished Creatures
  Rupert (Lair:3)
  Gastronok (Lair:1)
  A fire dragon (Volcano)
  Erolcha (D:10)
  A hydra (D:10)
  A boulder beetle (Lair:5)
  6 two-headed ogres
  5 death yaks (Lair:5)
  2 orc high priests (Orc:1)
  Nergalle (Lair:2)
  4 sun demons (Volcano)
  An ugly thing (D:10)
  5 manticores
  2 black mambas
  A torpor snail (Lair:5)
  A smoke demon (Volcano)
  7 cane toads
  6 rime drakes
  9 komodo dragons
  6 trolls
  A merfolk (D:8)
  A wind drake (Lair:2)
  Prince Ribbit (D:8)
  7 polar bears
  21 blink frogs
  A hornet (D:10)
  Grinder (D:5)
  3 raiju (Lair:5)
  3 dream sheep
  A slime creature (D:12)
  Sigmund (D:3)
  2 shadows (D:10)
  2 vampires
  6 wyverns
  A wraith (D:9)
  22 yaks
  A basilisk (Lair:4)
  2 hogs (D:8)
  5 steam dragons
  3 vampire mosquitoes (D:11)
  2 acid dragons
  6 wargs
  Menkaure (D:4)
  3 nagas (Lair:3)
  11 water moccasins
  12 hell hounds
  2 ice beasts
  10 orc warriors
  16 black bears
  A sky beast (D:7)
  3 ogres
  18 wolves
  2 phantoms
  A centaur (D:9)
  3 kobold brigands (D:8)
  15 bullfrogs
  A necrophage (D:4)
  3 gnoll sergeants
  12 wights
  5 killer bees
  5 howler monkeys
  13 electric eels
  A gnoll bouda (D:8)
  2 hounds
  11 orc priests
  Crazy Yiuf (D:6)
  Jessica (D:2)
  An iguana (D:5)
  10 orc wizards
  5 hell rats (Lair:4)
  12 gnolls
  7 adders
  A shadow imp (D:5)
  3 white imps
  3 worms (D:2)
  2 dart slugs
  46 orcs
  5 endoplasms
  A giant cockroach (D:4)
  6 goblins
  12 hobgoblins
  6 jackals
  4 quokkas
  6 ball pythons
  2 bats
  4 frilled lizards
  15 kobolds
  5 rats
464 creatures vanquished.

Vanquished Creatures (collateral kills)
  A sphinx (D:10)
  Fannar (Lair:3)
  A death yak (Lair:4)
  A boulder beetle (Lair:2)
  A manticore (D:8)
  A black mamba (Lair:4)
  Maggie (D:6)
  4 polar bears (Lair:5)
  A troll (Orc:1)
  2 blink frogs
  7 dream sheep
  3 slime creatures (D:12)
  2 wyverns
  Eustachio (D:5)
  18 yaks
  A vampire mosquito (D:11)
  3 wargs
  A water moccasin (Lair:2)
  5 hell hounds (Lair:5)
  5 orc warriors
  8 wolves
  5 black bears
  A kobold brigand (D:8)
  A bullfrog (D:4)
  A necrophage (D:5)
  A gnoll sergeant (D:9)
  A scorpion (D:5)
  4 killer bees
  A yak zombie (Lair:3)
  3 hounds
  3 orc priests
  2 jellies
  3 gnoll boudas (D:8)
  4 orc wizards
  3 gnolls
  An adder (D:4)
  An ufetubus (D:6)
  A dart slug (D:4)
  21 orcs
  A giant cockroach (D:4)
  A quokka (D:4)
  A kobold (D:4)
  2 bushes (D:8)
130 creatures vanquished.

Vanquished Creatures (others)
  A wind drake zombie (Lair:2)
  A two-headed ogre zombie (Orc:1)
  A wolf (Lair:5)
  A torpor snail zombie (Lair:5)
  3 rime drake zombies
  A hell hound zombie (Lair:5)
  A wyvern zombie (D:8)
  4 yak zombies
  3 warg zombies (Lair:5)
  7 polar bear zombies (Lair:5)
  A raiju zombie (Lair:5)
  A troll zombie (Orc:1)
  A howler monkey (D:8)
  14 wolf zombies
  An ogre zombie (D:10)
  5 black bear zombies (Lair:5)
  2 howler monkey zombies (D:9)
  2 steam dragon zombies (Volcano)
  5 gnoll zombies
  26 orc zombies
  A bush (D:8)
  16 fungi
  112 plants
210 creatures vanquished.

Grand Total: 804 creatures vanquished

Notes
Turn   | Place    | Note
-------+----------+-------------------------------------------
     0 | D:1      | Oxelix the Djinni Ice Elementalist began the quest for the
                  | Orb.
     0 | D:1      | Oxelix set off with the following spells memorised: Freeze,
                  | Frozen Ramparts, Ozocubu's Armour, Summon Ice Beast.
     0 | D:1      | Reached XP level 1. HP: 15/15 MP: 0/0
   138 | D:1      | Reached XP level 2. HP: 8/22 MP: 0/0
   294 | D:1      | Found Foegh's Book Emporium.
   403 | D:1      | Reached skill level 1 in Fighting
   549 | D:1      | Reached XP level 3. HP: 27/27 MP: 0/0
   549 | D:1      | Learned a level 1 spell: Kiss of Death
   678 | D:1      | Found a faded altar of an unknown god.
  1501 | D:2      | Reached XP level 4. HP: 25/26 MP: 0/0
  1510 | D:2      | Reached skill level 4 in Spellcasting
  1626 | D:2      | Noticed Jessica
  1635 | D:2      | Killed Jessica
  2214 | D:3      | Reached XP level 5. HP: 34/38 MP: 0/0
  2214 | D:3      | Learned a level 2 spell: Searing Ray
  2358 | D:3      | Found Ezefo's Antique Armour Shoppe.
  2613 | D:3      | Noticed Sigmund
  2624 | D:3      | Killed Sigmund
  2625 | D:3      | Reached skill level 5 in Spellcasting
  2625 | D:3      | Reached XP level 6. HP: 8/46 MP: 0/0
  2927 | D:4      | Reached XP level 7. HP: 50/50 MP: 0/0
  2927 | D:4      | Learned a level 3 spell: Spider Form
  3026 | D:4      | Noticed Menkaure
  3171 | D:4      | Killed Menkaure
  3254 | D:4      | Reached skill level 6 in Spellcasting
  3295 | D:4      | Reached XP level 8. HP: 48/58 MP: 0/0
  3769 | D:4      | Reached skill level 5 in Fighting
  3774 | D:4      | Found a broken altar of Ashenzari.
  3781 | D:4      | Became a worshipper of Ashenzari the Shackled
  4237 | D:5      | Entered Level 5 of the Dungeon
  4298 | D:5      | Noticed Eustachio
  4317 | D:5      | Killed Eustachio
  4318 | D:5      | Reached skill level 7 in Spellcasting
  4721 | D:5      | Found Piugyxe's Weapon Boutique.
  4896 | D:5      | Noticed Grinder
  4964 | D:4      | Found a sparkling altar of Nemelex Xobeh.
  5131 | D:5      | Killed Grinder
  5132 | D:5      | Reached XP level 9. HP: 19/66 MP: 0/0
  5132 | D:5      | Learned a level 4 spell: Airstrike
  5610 | D:6      | Reached skill level 8 in Spellcasting
  5871 | D:6      | Noticed Maggie
  5871 | D:6      | Found a hazy altar of Hepliaklqana.
  5885 | D:6      | Killed Maggie
  5886 | D:6      | Reached skill level 1 in Evocations
  6039 | D:6      | Found a runed translucent door.
  6040 | D:6      | Noticed Crazy Yiuf
  6048 | D:6      | Killed Crazy Yiuf
  6364 | D:6      | Reached * piety under Ashenzari
  6607 | D:7      | Found a staircase to the Ecumenical Temple.
  7108 | D:7      | Reached XP level 10. HP: 69/76 MP: 0/0
  7365 | D:7      | Reached ** piety under Ashenzari
  7777 | D:8      | Noticed Prince Ribbit
  7780 | D:8      | Killed Prince Ribbit
  7781 | D:8      | Reached skill level 9 in Spellcasting
  8569 | D:8      | Reached skill level 10 in Spellcasting
  8675 | D:8      | Found a broken altar of Ashenzari.
  8710 | D:8      | Reached XP level 11. HP: 70/86 MP: 0/0
  8710 | D:8      | Learned a level 4 spell: Animate Dead
  9262 | D:8      | Noticed a manticore
  9267 | D:8      | Killed a manticore
  9368 | D:8      | Noticed a manticore
  9373 | D:8      | Killed a manticore
  9458 | D:8      | Identified the +2 robe "Nimmao" {Harm Rampage Will- Dex+3}
  9589 | D:8      | Reached *** piety under Ashenzari
  9646 | D:8      | Reached skill level 11 in Spellcasting
  9798 | D:8      | Reached skill level 5 in Evocations
  9851 | D:8      | Identified the cursed +1 cloak of Supernal Gnosis {Self,
                  | Cun} (You took it off Crazy Yiuf on level 6 of the Dungeon)
  9851 | D:8      | Identified the cursed +0 helmet "Prophetic Regret" {Fort,
                  | Self} (You found it on level 7 of the Dungeon)
 10768 | D:8      | Identified the +1 pair of boots of Unreason {Str+2}
 11325 | D:9      | Reached XP level 12. HP: 72/96 MP: 0/0
 11482 | D:9      | Found a staircase to the Lair.
 11981 | D:9      | Found a staircase to the Orcish Mines.
 12010 | D:9      | Found a blossoming altar of Fedhas.
 12317 | D:9      | Noticed a two-headed ogre
 12324 | D:9      | Killed a two-headed ogre
 12879 | D:10     | Entered Level 10 of the Dungeon
 12899 | D:10     | Found an opulent altar of Gozag.
 12996 | D:10     | Reached **** piety under Ashenzari
 13359 | D:10     | Noticed Erolcha
 13362 | D:10     | Killed Erolcha
 13363 | D:10     | Reached skill level 1 in Armour
 13618 | D:10     | Reached ***** piety under Ashenzari
 13644 | D:10     | Noticed a two-headed ogre
 13656 | D:10     | Found a runed translucent door.
 13663 | D:10     | Killed a two-headed ogre
 13733 | D:10     | Noticed a seven-headed hydra
 13982 | D:10     | Noticed a sphinx
 14013 | D:10     | Killed a sphinx
 14015 | D:10     | Your ally Erolcha died
 14016 | D:10     | Killed a seven-headed hydra
 14069 | D:10     | Identified the cursed +2 robe "Ruined Ethics" {Will+, Fort,
                  | Evo} (You took it off Sigmund on level 3 of the Dungeon)
 14381 | D:11     | Identified the +10 rapier of Stickiness {pain, rPois rN+
                  | Will+}
 14426 | D:11     | Noticed a two-headed ogre
 14429 | D:11     | Killed a two-headed ogre
 14512 | D:11     | Reached skill level 5 in Armour
 14535 | D:11     | Noticed a two-headed ogre
 14538 | D:11     | Killed a two-headed ogre
 14724 | D:11     | Reached XP level 13. HP: 96/107 MP: 0/0
 14724 | D:11     | Learned a level 5 spell: Silence
 14859 | D:11     | Found an ornate altar of the Wu Jian Council.
 15459 | D:12     | Identified the +8 short sword of the Valley of Death
                  | {heavy, rPois}
 15485 | D:12     | Reached skill level 5 in Dodging
 15837 | D:12     | Reached skill level 12 in Spellcasting
 16100 | Orc:1    | Entered Level 1 of the Orcish Mines
 16176 | Lair:1   | Entered Level 1 of the Lair of Beasts
 16691 | Lair:1   | Found a dark tunnel.
 16700 | Volcano  | Entered a volcano
 17405 | Volcano  | Noticed a fire dragon
 17412 | Volcano  | Killed a fire dragon
 18079 | Lair:1   | Noticed Gastronok
 18090 | Lair:1   | Killed Gastronok
 18372 | Lair:1   | Reached skill level 13 in Spellcasting
 18837 | Lair:2   | Found a staircase to the Shoals.
 19356 | Lair:2   | Reached XP level 14. HP: 84/112 MP: 0/0
 19551 | Lair:2   | Noticed Nergalle
 19556 | Lair:2   | Killed Nergalle
 19909 | Lair:2   | Found a transporter.
 19911 | Lair:2   | Found a transporter.
 20882 | Lair:3   | Identified 2 scrolls of acquirement
 20919 | Lair:3   | Noticed Fannar
 20934 | Lair:3   | Killed Fannar
 21012 | Lair:3   | Noticed Rupert
 21022 | Lair:3   | Killed Rupert
 21023 | Lair:3   | Reached skill level 14 in Spellcasting
 21390 | Lair:3   | Acquired a +0 buckler of protection
 21492 | Lair:3   | Acquired the amulet "Qudu Caq" {Acrobat rElec rPois Regen+
                  | Str-3}
 21519 | Lair:3   | Reached skill level 1 in Shields
 21683 | Lair:3   | Found a staircase to the Snake Pit.
 22028 | Lair:4   | Reached skill level 10 in Fighting
 22303 | Lair:4   | Identified the +5 ring mail of Egalitarianism {Rampage}
 22779 | Lair:5   | Entered Level 5 of the Lair of Beasts
 22906 | Lair:4   | Identified the cursed +0 pair of gloves "Oblivion of
                  | Ashenzari" {Self, Cun} (You found it on level 1 of the Lair
                  | of Beasts)
 23239 | Lair:5   | Found a runed translucent door.
 23239 | Lair:5   | Found a viscous altar of Jiyva.
 23239 | Lair:5   | Noticed an acid blob
 23242 | Lair:5   | Found a staircase to the Slime Pits.
 23242 | Lair:5   | Noticed an acid blob
 23242 | Lair:5   | Noticed an acid blob
 23336 | Lair:5   | Reached XP level 15. HP: 98/124 MP: 0/0
 23336 | Lair:5   | Learned a level 6 spell: Simulacrum
 23363 | Lair:5   | HP: 2/115 [death yak (14)]
 23605 | Lair:5   | Reached ****** piety under Ashenzari
 23936 | Lair:5   | Reached skill level 5 in Shields
 25387 | Orc:1    | Found Dulior's Antique Weapon Boutique.
 25448 | Orc:2    | Entered Level 2 of the Orcish Mines
 25568 | Orc:2    | Noticed an orc warlord
 25607 | Orc:2    | Slain by an orc warlord

Illustrated notes

Levels and vault maps discovered:
D:1:      dpeg_arrival_another_circle, layout_loops_ring, serial_shops,
          nicolae_square_shop, shapermc_ecumenical_altar_petra
D:2:      layout_basic, uniq_jessica
D:3:      layout_basic, serial_shops, nicolae_shop_statue_plus, uniq_sigmund
D:4:      layout_basic, mainiacjoe_overflow_24_doors,
          nicolae_overflow_hidden_temple, st_stairs_4, uniq_menkaure
D:5:      layout_loops_ring, serial_shops, nicolae_shop_bloodbath_and_beyond,
          uniq_eustachio, uniq_grinder
D:6:      layout_gridville, mainiacjoe_overflow_boulevard, uniq_maggie,
          uniq_crazy_yiuf_cottage
D:7:      layout_loops_ring, minmay_temple_entry_from_below_a
D:8:      kennysheep_town, uniq_prince_ribbit1
D:9:      layout_loops_ring, fedhas_altar_fruit_tree, dpeg_oklobed_lair,
          david_orc_5, hex_medium, hive_lemuel
D:10:     layout_roguey, nicolae_gozag_cash_rules_everything_around_me,
          glass_columns_c, wad_hexagon, uniq_erolcha
D:11:     layout_small_grid, nicolae_wu_jian_immortal_techniques
D:12:     layout_long_grid
Lair:1:   layout_layer_cave, nicolae_volcano_entry_hallway, minivault_24,
          uniq_gastronok
Lair:2:   gammafunk_boulding_lane, layout_gridlike, minmay_shoals_entry_beasts,
          uniq_nergalle
Lair:3:   layout_gridlike, minmay_snake_entry_guardpost_small, uniq_rupert,
          uniq_fannar
Lair:4:   hellmonk_ruined_rings, layout_misc_corridors, serial_bayou_shore_a
Lair:5:   hangedman_lair_caniforms_friends, layout_gridlike, slime_entry_2,
          nicolae_lair_lil_pond
Orc:1:    layout_diamond_mine, serial_shops, nicolae_shop_overgrown_old_shop,
          basic_altar, nooodl_orcs_dogs
Orc:2:    grunt_orc_gardens, layout_caves, grunt_orc_garden, grunt_orc_garden,
          grunt_orc_garden, grunt_orc_garden, nicolae_orc_lava_tube

Skill      XL: |  1  2  3  4  5  6  7  8  9 10 11 12 13 14 15 |
---------------+----------------------------------------------+-----
Fighting       | 1 2 3 4 5 7 8 9 11 12 | 12.9
Spellcasting   | 4 5 6 7 8 10 11 13 14 | 14.4
Evocations     | 2 3 6 8 9 |  9.0
Dodging        | 3 4 7 |  7.4
Armour         | 5 6 8 |  8.0
Shields        | 3 5 |  5.3
Throwing       | |  0.8
Stealth        | |  1.5

Action                     |  1- 3 |  4- 6 |  7- 9 | 10-12 | 13-15 || total
---------------------------+-------+-------+-------+-------+-------++-------
  Melee: Dagger            |    27 |     7 |    29 |       |       ||    63
         Staff             |       |       |    12 |    41 |    40 ||    93
         Unarmed           |       |       |       |    14 |    23 ||    37
         Punch             |       |       |       |     2 |       ||     2
  Throw: Throwing net      |       |       |       |       |     4 ||     4
   Cast: Freeze            |    50 |    16 |     6 |       |       ||    72
         Frozen Ramparts   |     2 |     3 |    22 |    14 |    13 ||    54
         Kiss of Death     |     2 |       |       |       |       ||     2
         Searing Ray       |       |    12 |    40 |    20 |     6 ||    78
         Summon Ice Beast  |       |     1 |    24 |    24 |    29 ||    78
         Airstrike         |       |       |    20 |   223 |   551 ||   794
         Animate Dead      |       |       |       |     9 |    19 ||    28
         Spider Form       |       |       |       |     5 |     7 ||    12
         Silence           |       |       |       |       |     2 ||     2
         Simulacrum        |       |       |       |       |     1 ||     1
 Invoke: Curse Item        |       |       |     2 |     5 |     4 ||    11
         Shatter the Chain |       |       |       |       |     2 ||     2
  Evoke: Wand              |       |       |       |       |     2 ||     2
    Use: Scroll            |       |       |     2 |       |     4 ||     6
         Potion            |       |       |       |     1 |     7 ||     8
   Stab: Sleeping          |     3 |     1 |     1 |       |       ||     5
         Distracted        |       |       |     1 |       |       ||     1
 Armour: Robe              |     7 |     6 |    23 |    21 |    39 ||    96
         Skin              |       |       |       |     1 |     4 ||     5
  Dodge: Dodged            |    32 |     5 |    62 |    74 |   257 ||   430
  Block: Other             |       |       |       |     8 |    11 ||    19
         Reflection        |       |       |       |       |     1 ||     1
         Buckler           |       |       |       |       |    53 ||    53

Table legend: (Time is in decaauts)
 A = Elapsed time spent in this place.
 B = Non-inter-level travel time spent in this place.
 C = Inter-level travel time spent in this place.
 D = Time resting spent in this place.
 E = Time spent auto-exploring this place.
 F = Levels seen in this place.
 G = Mean time per level.
                   A        B        C        D        E       F      G
               +--------+--------+--------+--------+--------+-----+--------+
         Total |  25621 |  24569 |   1052 |   4666 |  16016 |  20 | 1281.1 |
       Dungeon |  16278 |  15608 |    670 |   3363 |   9973 |  12 | 1356.5 |
          Lair |   7566 |   7209 |    357 |    922 |   5109 |   5 | 1513.2 |
  Orcish Mines |    958 |    934 |     24 |    110 |    609 |   2 |  479.0 |
       Volcano |    817 |    817 |      0 |    271 |    325 |   1 |  817.0 |
               +--------+--------+--------+--------+--------+-----+--------+

Top non-repeatable levels by time:
     D:8: 3009 daAuts
     D:9: 2334 daAuts
  Lair:1: 1817 daAuts
  Lair:3: 1706 daAuts
  Lair:2: 1555 daAuts
  Lair:5: 1497 daAuts
    D:10: 1407 daAuts
     D:4: 1352 daAuts
     D:2: 1308 daAuts
     D:7: 1173 daAuts
     D:6: 1169 daAuts
     D:5: 1057 daAuts
     D:1: 1028 daAuts
  Lair:4: 989 daAuts
    D:11: 941 daAuts
